 Dungeon Crawl Stone Soup version 0.26-a0-639-g72c4674329 (webtiles) character file.

Game seed: 15204738190593365194

286 Flugslaktarn the Chopper (level 6, 0/57 HPs)
             Began as a Deep Dwarf Fighter on Sept 24, 2020.
             Slain by an orc
             ... wielding a cursed -3 flail
              (2 damage)
             ... on level 5 of the Dungeon.
             The game lasted 00:00:49 (972 turns).

Flugslaktarn the Chopper (Deep Dwarf Fighter)        Turns: 972, Time: 00:00:49

Health: 0/57       AC:  9    Str: 22    XL:     6   Next: 8%
Magic:  5/5        EV:  7    Int:  8    God:
Gold:   116        SH: 10    Dex: 12    Spells: 5/5 levels left

rFire    . . .     SeeInvis .   a - +0 war axe
rCold    . . .     Faith    .   c - +0 kite shield
rNeg     . . .     Spirit   .   b - +0 scale mail
rPois    .         Reflect  .   (no helmet)
rElec    .         Harm     .   j - +0 cloak
rCorr    .         Rampage  .   (no gloves)
MR       .....                  g - +0 pair of boots
Stlth    ..........             (no amulet)
HPRegen  0.00/turn              (no ring)
MPRegen  0.09/turn              (no ring)

@: mighty, non-regenerating
A: damage resistance, heal wounds, sense surroundings 1, no regeneration
a: Heal Wounds


You were on level 5 of the Dungeon.
You visited 1 branch of the dungeon, and saw 5 of its levels.

You collected 116 gold pieces.

Inventory:

Hand Weapons
 a - a +0 war axe (weapon)
Armour
 b - a +0 scale mail (worn)
 c - a +0 kite shield (worn)
 g - a +0 pair of boots (worn)
   (You found it on level 1 of the Dungeon)
 j - a +0 cloak (worn)
   (You found it on level 1 of the Dungeon)
Jewellery
 f - an uncursed ring of see invisible {unknown}
   (You found it on level 1 of the Dungeon)
 p - a cursed ring of teleportation {unknown}
   (You found it on level 4 of the Dungeon)
Scrolls
 i - a scroll of remove curse {unknown}
 k - a scroll of noise {unknown}
 l - a scroll of identify {unknown}
 o - a scroll of blinking {unknown}
 q - a scroll of enchant armour {unknown}
Potions
 d - a potion of might
 e - a potion of curing {unknown}
 h - 3 potions of heal wounds {unknown}
 m - a potion of haste {unknown}
 n - a potion of cancellation {unknown}


   Skills:
 * Level 4.2 Fighting
 * Level 4.4 Axes
 + Level 4.2 Armour
 + Level 4.2 Shields


You had 5 spell levels left.
You didn't know any spells.
Your spell library was empty.

Dungeon Overview and Level Annotations

Branches:
Dungeon (5/15)
 Temple: D:4-7

Altars:
Qazlal

Shops:
D:4 =*


Innate Abilities, Weirdness & Mutations

You are resistant to damage.
You can heal yourself by infusing magical energy.
You passively map a small area around you.
You do not regenerate.


Message History

You are too injured to fight recklessly!
You are too injured to fight recklessly!
You are too injured to fight recklessly!
You fail to use your ability.
You block the scorpion's attack. The orc hits you but does no damage.
You feel very mighty all of a sudden. You block the scorpion's attack.
You block the orc's attack. The orc priest closely misses you.
The orc hits you but does no damage.
You fail to use your ability.
The orc priest barely misses you. The scorpion stings you.
The orc hits you but does no damage.
You slash the orc priest!
The orc priest is almost dead.
You hit the scorpion. You hit the orc. You slash the orc!
You kill the orc!
You block the scorpion's attack.
The orc priest mumbles some strange prayers to Beogh against you.
Beogh smites you!
* * * LOW HITPOINT WARNING * * *
The orc hits you with a cursed -3 flail.
You die...

, , * , ,
.........# *
.........##
..........## *
...........##
.......o....###.. *
[...............#**
, ......oso......##
*
......)@o.......##
* ,
,.................#
.................#
,
.................#
,
##...............#
####............# *
* , #.......<....#
#..#.#......##
##.#.########


You could see a scorpion, 2 orc priests and 2 orcs.

Vanquished Creatures
  A bullfrog (D:4)
  An orc priest (D:4)
  A hound (D:4)
  An orc wizard (D:4)
  A worker ant (D:4)
  2 hound skeletons
  5 adders (D:4)
  A dart slug (D:4)
  8 orcs
  A giant cockroach (D:1)
  2 hobgoblins (D:1)
  6 jackals (D:1)
  2 bats
  4 frilled lizards
  A goblin (D:3)
  2 rats (D:1)
39 creatures vanquished.

Notes
Turn   | Place    | Note
-------+----------+-------------------------------------------
     0 | D:1      | Flugslaktarn the Deep Dwarf Fighter began the quest for the
                  | Orb.
     0 | D:1      | Reached XP level 1. HP: 20/20 MP: 1/1
   140 | D:1      | Reached XP level 2. HP: 27/27 MP: 2/2
   394 | D:4      | Found Suys's Jewellery Emporium.
   424 | D:4      | Reached XP level 3. HP: 25/34 MP: 3/3
   534 | D:4      | Found Jafekol's General Store.
   561 | D:4      | Noticed a bullfrog
   577 | D:4      | Killed a bullfrog
   577 | D:4      | Reached XP level 4. HP: 15/43 MP: 3/3
   577 | D:4      | Reached XP level 5. HP: 18/50 MP: 4/4
   712 | D:4      | Found a stormy altar of Qazlal.
   823 | D:4      | Reached XP level 6. HP: 41/57 MP: 5/5
   951 | D:5      | Entered Level 5 of the Dungeon
   972 | D:5      | HP: 2/57 [orc priest/divine providence (13)]
   972 | D:5      | Slain by an orc

Illustrated notes

Levels and vault maps discovered:
D:1:      minmay_arrival_four_circles, layout_basic, okawaru_ov_weapons_minmay
D:2:      layout_basic
D:3:      layout_basic, kennysheep_generic_room_6
D:4:      layout_cave_pools, serial_shops, shop, nicolae_shop_stone,
          eino_curves_04, nicolae_qazlal_eye_of_the_storm
D:5:      layout_layer_cave, minivault_24, st_stairs_3, grunt_decor_fettered

Skill      XL: |  1  2  3  4  5 |
---------------+----------------+-----
Fighting       | 3 4 |  4.2
Axes           | 3 4 |  4.4
Armour         | 4 |  4.2
Shields        | 4 |  4.2

Action                   |  1- 3 |  4- 6 || total
-------------------------+-------+-------++-------
Melee: War axe           |   114 |    44 ||   158
 Abil: Heal Wounds       |     1 |     1 ||     2
  Use: Potion            |       |     1 ||     1
Armor: Scale mail        |    83 |    32 ||   115
Dodge: Dodged            |    55 |    13 ||    68
Block: Kite shield       |    78 |    29 ||   107

Table legend: (Time is in decaauts)
 A = Elapsed time spent in this place.
 B = Non-inter-level travel time spent in this place.
 C = Inter-level travel time spent in this place.
 D = Time resting spent in this place.
 E = Time spent auto-exploring this place.
 F = Levels seen in this place.
 G = Mean time per level.
                   A        B        C        D        E       F      G
               +--------+--------+--------+--------+--------+-----+--------+
         Total |   1036 |    932 |    104 |      0 |    569 |   5 |  207.2 |
       Dungeon |   1036 |    932 |    104 |      0 |    569 |   5 |  207.2 |
               +--------+--------+--------+--------+--------+-----+--------+

Top non-repeatable levels by time:
     D:4: 594 daAuts
     D:1: 353 daAuts
     D:2: 43 daAuts
     D:3: 23 daAuts
     D:5: 22 daAuts
